Map: Pillars of Gold LE

Players

ShadowFall - Winner!

  • Race: Terran Terran
  • League: Platinum
  • Spawn Location: 7:00

Tarrandus

  • Race: Terran Terran
  • League: Platinum
  • Spawn Location: 1:00

VOD

Have the link to the VOD?

Description

Time

  • Played on: July 31, 2020, 9 p.m.
  • Length: 3:28
Show
View Real Time Build Order
Export as new Build Order

ShadowFall Terran - Winner!

Build Orders:  

Get SALT Encoding   

  12  0:00  SCV  
  13  0:12  SCV  
  14  0:18  Supply Depot  
  14  0:25  SCV  
  15  0:32  Refinery  
  15  0:42  Barracks  
  15  0:46  SCV  
  16  1:03  Barracks  
  16  1:12  SCV  
  17  1:24  SCV  
  18  1:29  Barracks  
  18  1:32  Reaper  
  19  1:44  Refinery  
  19  1:45  SCV  
  20  1:54  Supply Depot  
  20  1:58  Reaper  
  21  2:04  Reaper  
  22  2:16  SCV  
  22  2:18  Reaper  
  24  2:32  Reaper  
  25  2:53  Reaper x2  
Show
View Real Time Build Order
Export as new Build Order

Tarrandus Terran 

Build Orders: Reaper Expand 

Get SALT Encoding   

  12  0:00  SCV  
  13  0:16  Supply Depot  
  13  0:18  SCV  
  14  0:30  SCV  
  15  0:40  Barracks  
  15  0:42  SCV  
  16  0:47  Refinery  
  16  0:54  SCV  
  17  1:06  SCV  
  18  1:18  SCV  
  19  1:31  Orbital Command  
  19  1:33  Reaper  
  20  1:48  Command Center  
  20  2:01  SCV  
  20  2:05  Supply Depot  
  22  2:15  SCV  
  22  2:19  Refinery  
  22  2:24  Barracks Tech Lab  
  22  2:27  Factory  
  22  2:30  SCV  
  22  2:54  SCV  
Tags
 
Add a new tag
Caveats
  • Supply blocks, unpowered buildings, or Contaminate may cause inaccurate times.
  • Supply counts are checked every 10 seconds.